Map: Port Aleksander LE

Players

Lonk - Winner!

  • Race: Zerg Zerg
  • League: Diamond
  • Spawn Location: 5:00

Darkweaver

  • Race: Zerg Zerg
  • League: Diamond
  • Spawn Location: 11:00

VOD

Have the link to the VOD?

Description

Time

  • Played on: May 3, 2019, 9:47 p.m.
  • Length: 14:17
Show
View Real Time Build Order
Export as new Build Order

Lonk Zerg - Winner!

Build Orders: Hatch First, Lurkers 

Get SALT Encoding   

  12  0:03  Drone  
  13  0:13  Overlord  
  13  0:20  Drone  
  14  0:35  Drone x2  
  16  0:43  Drone  
  17  0:58  Drone  
  17  1:02  Extractor  
  17  1:03  Drone  
  18  1:04  Hatchery  
  17  1:18  Spawning Pool  
  17  1:22  Drone  
  17  1:26  Drone  
  17  1:30  Drone  
  19  2:05  Metabolic Boost  
  19  2:06  Zergling x4  
  19  2:07  Zergling x2  
  22  2:15  Queen  
  22  2:16  Queen  
  22  2:18  Overlord  
  26  2:46  Drone  
  26  2:47  Drone  
  26  2:51  Queen x2  
  32  2:59  Drone x2  
  32  3:00  Overlord  
  34  3:08  Baneling Nest  
  34  3:20  Zergling x6  
  34  3:21  Drone  
  34  3:22  Drone  
  38  3:38  Drone x5  
  43  4:00  Drone  
  43  4:02  Overlord  
  44  4:06  Hatchery  
  43  4:17  Baneling x2  
  43  4:18  Baneling  
  43  4:24  Drone x4  
  47  4:38  Drone x3  
  48  4:39  Drone  
  49  4:53  Zergling x4  
  51  5:07  Lair  
  51  5:11  Extractor  
  50  5:15  Extractor  
  50  5:17  Extractor, Baneling x4  
  50  5:18  Drone  
  50  5:19  Drone x8  
  57  5:23  Overlord  
  57  5:38  Overlord x2  
  57  5:41  Queen  
  59  6:00  Drone x3  
  59  6:01  Roach Warren, Drone  
  59  6:03  Drone x2  
  64  6:05  Zergling x4  
  66  6:20  Drone  
  66  6:22  Hydralisk Den  
  47  7:07  Roach x2, Lurker Den  
  47  7:08  Roach x8  
  66  7:23  Grooved Spines  
  66  7:32  Drone x4  
  66  7:36  Queen  
  72  7:47  Drone x4  
  76  7:53  Drone x2  
  76  7:54  Drone x4  
  82  8:12  Overlord x3  
  82  8:13  Overlord  
  82  8:28  Extractor  
  82  8:31  Hydralisk  
  82  8:32  Hydralisk x4  
  91  8:35  Muscular Augments  
  91  9:00  Lurker x2  
  91  9:02  Lurker x3  
  96  9:04  Overseer x3  
  96  9:12  Drone x7  
  103  9:29  Hydralisk x5  
  113  9:46  Overlord  
  113  9:47  Overlord x2  
  113  10:01  Overlord x2  
  113  10:08  Lurker x2  
  113  10:09  Lurker x3  
  118  10:21  Overlord x2  
  118  10:24  Hydralisk x5  
  127  10:48  Hydralisk x4  
  135  11:04  Lurker x5  
  137  11:28  Roach x5  
  137  11:29  Roach x2  
  148  11:52  Hydralisk x3  
  148  11:53  Hydralisk  
  150  12:07  Hydralisk  
  152  12:20  Lurker  
  148  12:44  Lurker  
  148  12:45  Lurker x5  
  154  12:51  Overlord x3  
  154  13:21  Roach x5  
  164  13:36  Zergling x8  
Show
View Real Time Build Order
Export as new Build Order

Darkweaver Zerg 

Build Orders: Hatch First 

Get SALT Encoding   

  12  0:03  Drone  
  13  0:13  Overlord  
  13  0:35  Drone x3  
  16  0:53  Hatchery  
  15  0:58  Drone  
  15  1:01  Drone  
  17  1:12  Extractor  
  16  1:18  Spawning Pool  
  16  1:22  Drone  
  16  1:25  Drone  
  17  1:30  Drone  
  18  1:47  Drone  
  18  1:50  Overlord  
  19  2:07  Queen  
  19  2:08  Queen  
  23  2:12  Zergling x4  
  25  2:21  Drone x2  
  27  2:27  Metabolic Boost  
  27  2:37  Zergling x6  
  30  2:53  Baneling Nest  
  30  2:54  Drone  
  30  2:58  Zergling x2  
  30  2:59  Zergling x2  
  32  3:09  Drone x2  
  32  3:10  Overlord  
  34  3:30  Drone x5  
  39  3:37  Hatchery  
  38  3:44  Overlord  
  38  3:48  Baneling x3  
  38  3:51  Baneling  
  37  4:04  Zergling x4  
  37  4:05  Zergling x10  
  44  4:12  Drone x4  
  48  4:34  Drone x3  
  48  4:37  Overlord  
  51  4:42  Extractor  
  50  4:46  Roach Warren  
  50  4:47  Zergling x2  
  50  4:48  Zergling x14  
  48  5:02  Zergling x8  
  52  5:26  Evolution Chamber  
  51  5:33  Roach x7  
  65  5:39  Lair  
  65  5:45  Overlord x4  
  64  6:03  Drone x2, Queen  
  64  6:04  Drone  
  69  6:05  Drone x4  
  69  6:08  Drone  
  69  6:09  Drone  
  75  6:13  Zerg Missile Weapons Level 1  
  75  6:20  Baneling x2  
  75  6:21  Baneling x2  
  75  6:46  Roach  
  86  6:47  Roach x7  
  80  7:03  Glial Reconstitution  
  79  7:09  Extractor x2, Drone x2  
  79  7:10  Drone x2  
  79  7:14  Roach x2  
  85  7:19  Drone  
  85  7:20  Drone x3  
  85  7:21  Overlord x3  
  89  7:41  Drone  
  89  7:42  Drone x7  
  97  7:50  Drone x4  
  101  7:54  Overlord  
  101  7:55  Overlord  
  101  8:11  Roach x3  
  101  8:12  Roach x3  
  113  8:15  Zerg Missile Weapons Level 2  
  113  8:17  Overlord x2  
  113  8:18  Roach  
  113  8:19  Roach x5  
  125  8:39  Roach x6  
  136  8:49  Roach x4  
  144  8:56  Extractor  
  144  8:57  Extractor  
  142  9:04  Roach  
  142  9:07  Overlord x4  
  142  9:08  Overlord x3  
  144  9:23  Hatchery  
  143  9:28  Roach  
  143  9:29  Roach x11  
  167  9:31  Ravager x2  
  167  9:32  Ravager  
  170  9:50  Roach  
  170  9:51  Roach x8  
  188  9:54  Ravager  
  188  9:58  Overseer  
  189  10:25  Roach  
  189  10:26  Roach x4  
  197  10:42  Overseer  
  197  10:46  Zerg Ground Armor Level 1  
  197  10:52  Overseer x2  
  191  11:11  Ravager x4  
  193  11:12  Ravager x4  
  191  11:43  Roach  
  193  11:53  Roach x3  
  193  11:54  Roach x11  
  199  11:58  Ravager  
  196  12:37  Roach  
  198  12:45  Overlord x2  
  198  12:46  Overlord x2  
  198  12:53  Spire  
  198  12:55  Infestation Pit  
  184  13:24  Drone  
  184  13:25  Drone x11  
  193  13:32  Pneumatized Carapace  
  193  13:36  Spire  
  149  13:50  Roach x6  
Tags
 
Add a new tag
Caveats
  • Supply blocks, unpowered buildings, or Contaminate may cause inaccurate times.
  • Supply counts are checked every 10 seconds.